 Dungeon Crawl Stone Soup version 0.21-a0-519-gb765982 (webtiles) character file.

788 slep the Chopper (level 7, -4/46 HPs)
             Began as a Demonspawn Gladiator on Dec 4, 2017.
             Slain by a sky beast (5 damage)
             ... on level 5 of the Dungeon.
             The game lasted 00:10:03 (2662 turns).

slep the Chopper (Demonspawn Gladiator)             Turns: 2662, Time: 00:10:05

Health: -4/46      AC:  7    Str: 16    XL:     7   Next: 56%
Magic:  7/7        EV:  9    Int:  9    God:
Gold:   167        SH: 11    Dex: 17    Spells: 6/6 levels left

rFire    . . .     SeeInvis .   a - +0 war axe
rCold    . . .     Gourm    .   v - +0 large shield
rNeg     . . .     Faith    .   j - +0 ring mail
rPois    .         Spirit   .   c - +0 helmet
rElec    .         Reflect  .   (no cloak)
rCorr    +         Harm     .   n - +0 pair of gloves
MR       .....                  (no boots)
Stlth    +.........             m - amulet of regeneration
HPRegen  0.95/turn              o - ring of resist corrosion
MPRegen  0.10/turn              (no ring)

@: no status effects
A: claws 1, hooves 1, agile 1, frail 1, regeneration 1, spiny 1, sturdy frame 2
a: no special abilities


You were on level 5 of the Dungeon.
You were not hungry.

You visited 1 branch of the dungeon, and saw 5 of its levels.
You also visited: Sewer.

You collected 167 gold pieces.

Inventory:

Hand Weapons
 a - a +0 war axe (weapon)
Missiles
 d - 3 throwing nets (quivered)
Armour
 b - a +0 leather armour
 c - a +0 helmet (worn)
 j - a +0 ring mail (worn)
 n - a +0 pair of gloves (worn)
 v - a +0 large shield (worn)
Jewellery
 m - an amulet of regeneration (around neck)
 o - a ring of resist corrosion (left hand)
Scrolls
 e - 5 scrolls of teleportation {unknown}
 l - a scroll of enchant weapon {unknown}
 p - 2 scrolls of immolation {unknown}
 s - 2 scrolls of fear {unknown}
 t - 3 scrolls of blinking {unknown}
Potions
 g - 3 potions of resistance {unknown}
 h - a potion of mutation {unknown}
 i - a potion of magic {unknown}
 k - 2 potions of might {unknown}
 q - a potion of flight {unknown}
 r - a potion of heal wounds {unknown}
 u - a potion of haste {unknown}
 w - 2 potions of curing {unknown}
Comestibles
 f - 2 bread rations
 x - 2 chunks of flesh


   Skills:
 + Level 3.6 Fighting
 + Level 6.1 Axes
 + Level 2.0 Throwing
 + Level 2.8 Armour
 + Level 4.0 Dodging
 + Level 0.8 Stealth
 + Level 0.4 Shields


You had 6 spell levels left.
You didn't know any spells.

Dungeon Overview and Level Annotations

Branches:
Dungeon (5/15)
 Temple: D:4-7

Altars:
Ru
Yredelemnul
Zin

Annotations:
D:3 1 runed door
D:5 heteroy's ghost, novice DsAs


Innate Abilities, Weirdness & Mutations

You have sharp fingernails.
You are partially covered in sharp spines.
Your movements are less encumbered by armour. (ER -4)
You have large cloven feet.
You are agile. (Dex +2)
You are frail. (-10% HP)
Your natural rate of healing is unusually fast.


Message History

You closely miss heteroy's ghost. Your kick misses heteroy's ghost.
Heteroy's ghost is severely damaged.
You closely miss something. Heteroy's ghost hits you.
* * * LOW HITPOINT WARNING * * *
A sky beast appears from thin air!
Reactivating autopickup.
You block the sky beast's attack. Heteroy's ghost hits you.
* * * LOW HITPOINT WARNING * * *
The sky beast is struck by your spines. The sky beast hits you.
* * * LOW HITPOINT WARNING * * *
The sky beast shocks you.
* * * LOW HITPOINT WARNING * * *
You hit heteroy's ghost.
Heteroy's ghost is severely damaged.
You closely miss the sky beast. Heteroy's ghost hits you.
* * * LOW HITPOINT WARNING * * *
The sky beast hits you.
* * * LOW HITPOINT WARNING * * *
The sky beast shocks you.
You die...

#...# #.. #.# #...#.....
#.# #...#..... #.# #.#
#......(# #.# #.#
#.......# #.# #.#
#.......# #.# #.#
#.......# ..##
#.####....Y..#
...####.........@W.# #
...................#.#..
...###..................
...####...........##.#..
..................# #
#.#####.########....
...# ... ....... ...#
.#.# #..##.#.# #### .#
...# .# #


You could see a sky beast and heteroy's ghost.

Vanquished Creatures
  A sky beast (D:5)
  An ogre (D:4)
  The ghost of heteroy the Sneak, an amateur DsAs (D:3)
  The ghost of TheJollyRoger the Shield-Bearer, an amateur GrFi (Sewer)
  A big kobold (Sewer)
  A bullfrog (D:5)
  A scorpion (D:5)
  An orc priest (D:3)
  A bullfrog skeleton (D:5)
  Natasha (D:2)
  3 gnolls (D:2)
  5 adders
  A river rat (Sewer)
  4 oozes (Sewer)
  An adder skeleton (D:5)
  4 worms
  A dart slug (D:1)
  A leopard gecko (D:3)
  4 orcs (D:3)
  7 bats
  A giant cockroach (D:5)
  4 goblins
  5 hobgoblins
  4 jackals (D:3)
  15 kobolds
  2 quokkas
  5 ball pythons
  5 frilled lizards (D:1)
  A giant cockroach zombie (D:5)
  7 rats
  A plant (D:2)
91 creatures vanquished.

Notes
Turn   | Place    | Note
-------+----------+-------------------------------------------
     0 | D:1      | slep the Demonspawn Gladiator began the quest for the Orb.
     0 | D:1      | Reached XP level 1. HP: 16/16 MP: 1/1
   150 | D:1      | Gained mutation: You are partially covered in sharp spines. [demonic ancestry]
   150 | D:1      | Reached XP level 2. HP: 21/22 MP: 2/2
   263 | D:1      | Reached skill level 3 in Axes
   591 | D:2      | Gained mutation: You have sharp fingernails. [demonic ancestry]
   591 | D:2      | Reached XP level 3. HP: 27/27 MP: 3/3
   712 | D:2      | Found a sacrificial altar of Ru.
  1231 | D:2      | Noticed Natasha
  1237 | D:2      | Killed Natasha
  1237 | D:2      | Gained mutation: Your movements are slightly less encumbered by armour. (ER -2) [demonic ancestry]
  1237 | D:2      | Reached XP level 4. HP: 32/34 MP: 4/4
  1472 | D:3      | Noticed heteroy's ghost (amateur DsAs)
  1482 | D:3      | Killed heteroy's ghost
  1482 | D:3      | Reached skill level 4 in Axes
  1482 | D:3      | Reached XP level 5. HP: 35/39 MP: 5/5
  1490 | D:3      | Reached skill level 1 in Armour
  1526 | D:3      | Found a glowing silver altar of Zin.
  1526 | D:3      | Found a runed door.
  1526 | D:3      | Noticed an angel
  1595 | D:3      | Found a glowing drain.
  1609 | Sewer    | Entered a sewer
  1609 | Sewer    | Noticed TheJollyRoger's ghost (amateur GrFi)
  1621 | Sewer    | Killed TheJollyRoger's ghost
  1621 | Sewer    | Reached skill level 5 in Axes
  1621 | Sewer    | Gained mutation: Your movements are less encumbered by armour. (ER -4) [demonic ancestry]
  1621 | Sewer    | Reached XP level 6. HP: 21/47 MP: 6/6
  2039 | D:3      | Found a basalt altar of Yredelemnul.
  2530 | D:4      | Reached XP level 7. HP: 44/52 MP: 7/7
  2534 | D:5      | Entered Level 5 of the Dungeon
  2546 | D:5      | Reached skill level 6 in Axes
  2557 | D:5      | Gained mutation: Armour fits poorly on your strangely shaped body. [mutagenic meat]
  2558 | D:5      | Lost mutation: Armour fits poorly on your strangely shaped body. [mutagenic meat]
  2559 | D:5      | Gained mutation: Your natural rate of healing is unusually fast. [mutagenic meat]
  2560 | D:5      | Gained mutation: You have large cloven feet. [mutagenic meat]
  2561 | D:5      | Gained mutation: You are frail. (-10% HP) [mutagenic meat]
  2562 | D:5      | Gained mutation: You are agile. (Dex +2) [mutagenic meat]
  2651 | D:5      | Noticed heteroy's ghost (novice DsAs)
  2661 | D:5      | HP: 2/46 [sky beast (5)]
  2662 | D:5      | Slain by a sky beast

Vault maps used:
D:1:      saegor_arrival_under_anarchy
D:2:      nicolae_ru_the_path_less_chosen, serial_co_window_serial,
          co_window_paths_b, co_window_paths_a, co_window_paths_a,
          co_window_of_opportunity_a, co_window_corner_a,
          co_window_unsneaky_path_c, co_window_corner_ca, co_window_broadway_b,
          co_window_unsneaky_path_d, co_window_broadway_b, glass_columns_b,
          glass_columns_b, glass_columns_a, glass_columns_a, glass_columns_b,
          uniq_natasha
D:3:      lemuel_crystal_altar, first_bread, portal_sewer_entry_d,
          grunt_decor_fettered, lemuel_angel_altar
D:5:      grunt_dithmenos_shadows, gammafunk_temple_overflow_wave,
          minmay_temple_entry_enclosed_plants
Sewer:    sewer_co_15_rooms

Skill      XL: |  1  2  3  4  5  6  7 |
---------------+----------------------+-----
Dodging        | 3 4 |  4.0
Axes           | 3 4 5 6 |  6.1
Throwing       | 2 |  2.0
Armour         | 1 2 |  2.8
Fighting       | 3 |  3.6
Stealth        | |  0.8
Shields        | |  0.4

Action                   |  1- 3 |  4- 6 |  7- 9 || total
-------------------------+-------+-------+-------++-------
Melee: War axe           |    87 |   103 |    30 ||   220
       Kick              |       |       |     6 ||     6
  Eat: Chunk             |       |     5 |     7 ||    12
Armor: Leather armour    |    15 |       |       ||    15
       Ring mail         |     1 |    35 |    14 ||    50
Dodge: Dodged            |    53 |    46 |    10 ||   109
Block: Large shield      |       |     2 |    18 ||    20

Table legend:
 A = Spawn XP
 B = Non-spawn XP
 C = Spawn XP percentage of total XP
 D = Spawn monster count
 E = Non-spawn monster count
 F = Spawn count percentage of total count
 G = Total turns spent on level
                    A         B        C        D         E        F      G
               +---------+---------+-------+---------+---------+-------+---------
         Total |       0 |    1127 |   0.0 |       0 |      90 |   0.0 |  2662
               +---------+---------+-------+---------+---------+-------+---------
           D:1 |       0 |      33 |   0.0 |       0 |      21 |   0.0 |   586
           D:2 |       0 |     102 |   0.0 |       0 |      17 |   0.0 |   884
           D:3 |       0 |     220 |   0.0 |       0 |      22 |   0.0 |   666
           D:4 |       0 |     121 |   0.0 |       0 |       1 |   0.0 |    61
           D:5 |       0 |     339 |   0.0 |       0 |       7 |   0.0 |   128
         Sewer |       0 |     312 |   0.0 |       0 |      22 |   0.0 |   337
               +---------+---------+-------+---------+---------+-------+---------
